 Dungeon Crawl Stone Soup version 0.31-a0-164-g2312942fda (webtiles) character file.

Game seed: 3650796653559741607

254 qw the Chopper (level 6, 0/39 HPs)
             Began as a Gargoyle Fighter on June 13, 2023.
             Slain by Duvessa
             ... wielding a +0 short sword
              (10 damage)
             ... on level 4 of the Dungeon.
             The game lasted 00:01:29 (2890 turns).

qw the Chopper (Gargoyle Fighter)                   Turns: 2890, Time: 00:01:30

Health: 0/39       AC: 17    Str: 22    XL:     6   Next: 14%
Magic:  6/6        EV:  6    Int:  8    God:
Gold:   93         SH:  4    Dex:  9    Spells: 5/5 levels left

rFire   . . .        Y - +0 war axe (freeze)
rCold   . . .        c - +0 buckler
rNeg    + + .        i - +0 plate armour
rPois   inf          f - +0 helmet
rElec   +            (no cloak)
rCorr   .            (no gloves)
SInv    .            (no boots)
Will    .....        l - amulet of regeneration Stlth
                     h - ring of positive energy
HPRegen 1.06/turn    (no ring)
MPRegen 0.10/turn

%: no passive effects
@: hasted, very quick
A: sickness immunity, AC +4, negative energy resistance 1, electricity
resistance, torment resistance 1, petrification resistance
a: no special abilities


You were on level 4 of the Dungeon.
You visited 1 branch of the dungeon, and saw 4 of its levels.

You collected 193 gold pieces.
You spent 100 gold pieces at shops.


Innate Abilities, Weirdness & Mutations

You are immune to sickness and miasma.
Your stone body is resilient. (AC +4)
You are immune to poison.
You resist negative energy. (rN+)
You are resistant to electric shocks. (rElec)
You are resistant to unholy torment.
You are immune to petrification.


   Skills:
 - Level 4.5 Fighting
 + Level 5.0 Axes
 - Level 3.2 Armour
 - Level 3.2 Shields


You had 5 spell levels left.
You didn't know any spells.
Your spell library was empty.

Inventory:

Hand Weapons
 b - a +0 flail
 Y - a +0 war axe of freezing (weapon)
Armour
 a - the +4 chain mail of Makhleb's Delight {Harm Fly Str+2}
   (You found it on level 4 of the Dungeon)

   Str:       It affects your strength (+2).
   Fly:       It grants you flight.
   Harm:      It increases damage dealt and taken.
 c - a +0 buckler (worn)
 f - a +0 helmet (worn)
 i - a +0 plate armour (worn)
Jewellery
 h - a ring of positive energy (left hand)
 l - an amulet of regeneration (around neck)
Wands
 k - a wand of digging (8)
Scrolls
 e - 2 scrolls of teleportation
Potions
 d - a potion of might
 g - 2 potions of attraction
 j - a potion of heal wounds {unknown}
 m - a potion of berserk rage {unknown}
 n - a potion of haste

Dungeon Overview and Level Annotations

Branches:
Dungeon (4/15)             Temple (0/1) D:4

Altars:

Shops:
D:2 !!*[[

Annotations:
D:3 1 runed translucent door, Crazy Yiuf
D:4 Duvessa


Message History

Duvessa shouts!
Duvessa says, "Where magic fails, the sword succeeds!"
Duvessa drinks a potion.
Duvessa flickers and vanishes!
Deactivating autopickup; reactivate with Ctrl-A.
Enter note: You hit Dowan.
You freeze Dowan.
Dowan is moderately wounded.
Dowan hits you but does no damage.
You closely miss Dowan.
Dowan is moderately wounded.
You hit Dowan but do no damage.
Dowan is moderately wounded.
Dowan casts a spell at you. You block the puff of frost.
You hit Dowan but do no damage.
Dowan is moderately wounded.
You miss something. Something hits you.
Dowan hits you with a +1 dagger of venom.
You closely miss Dowan.
Dowan is moderately wounded.
You hit something but do no damage. You slash Dowan! You freeze Dowan.
You kill Dowan!
Something screams in rage.
You hit something but do no damage. Something hits you. x2
Your Fighting skill increases to level 4!
You have reached level 6!
You closely miss something. Something hits you.
You miss something. Something hits you!
You closely miss something. Something hits you.
You closely miss something. You block something's attack.
You barely miss something. Something hits you!
You die...

... ..# ..# ##+#
..#### ##...## .....#
##.....## .....
##.......## ##{#.#(##
#.........####@).....#
+.........'.)....#.#..
#.........####.......
#.......## ...#.#.# .#
##.....## .#....... .#
##...## #. .#.>.#. .#
##'## .. ....... .#
#.# #. .#.#.#. .# #.#
. ..


There were no monsters in sight!

Vanquished Creatures
  A scorpion (D:4)
  Dowan (D:4)
  A hound (D:4)
  Robin (D:3)
  2 adders
  A river rat (D:3)
  2 orcs (D:3)
  7 ball pythons
  6 endoplasms
  2 giant cockroaches (D:3)
  13 goblins
  5 hobgoblins
  10 jackals
  4 kobolds
  5 quokkas
  6 bats
  4 frilled lizards
  5 rats
76 creatures vanquished.

Notes
Turn   | Place    | Note
-------+----------+-------------------------------------------
     0 | D:1      | qw the Gargoyle Fighter began the quest for the Orb.
     0 | D:1      | Reached XP level 1. HP: 14/14 MP: 1/1
     0 | D:1      | 0 ||| qw: Version: 0.2-a-29-gc1b59c4
     0 | D:1      | 0 ||| qw: Game counter: 4600
     0 | D:1      | 0 ||| qw: Always use a shield: true
     0 | D:1      | 0 ||| qw: God list: Okawaru
     0 | D:1      | 0 ||| qw: Allow faded altars: false
     0 | D:1      | 0 ||| qw: Do Orc after D:15 true
     0 | D:1      | 0 ||| qw: Do second Lair branch before Depths: true
     0 | D:1      | 0 ||| qw: Lair rune preference: random
     0 | D:1      | 0 ||| qw: Plans: Normal, Zot:1-4, Slime:5, God:TSO, Crypt,
                  | Tomb, Abyss, Pan, Hells, Win
     0 | D:1      | 0 ||| PLANNING D:1-11
    46 | D:1      | Reached skill level 2 in Axes
    71 | D:1      | 71 ||| Stepping ~*~*~tactically~*~*~ (hiding).
   150 | D:1      | Reached XP level 2. HP: 18/19 MP: 2/2
   194 | D:1      | 194 ||| Stepping ~*~*~tactically~*~*~ (stealth).
   375 | D:1      | Reached skill level 3 in Axes
   432 | D:1      | Reached XP level 3. HP: 23/23 MP: 3/3
   802 | D:1      | 802 ||| UPGRADING to amulet of regeneration.
   807 | D:1      | 807 ||| UPGRADING to ring of positive energy.
   808 | D:1      | 808 ||| READING scroll labelled RECEUROECA.
   809 | D:1      | 809 ||| READING scroll labelled TATHEM METO.
   810 | D:1      | 810 ||| READING scroll labelled WET TOEDAE.
   813 | D:1      | 813 ||| READING scroll labelled CAZ KEEFAGROALL.
   814 | D:1      | 814 ||| READING scroll labelled CUTYCIFRIAGU.
   843 | D:2      | Found Elokh's Armour Emporium.
   853 | D:2      | 853 ||| BUYING +0 chain mail (58 gold).
   853 | D:2      | Bought a +0 chain mail for 58 gold pieces
   853 | D:2      | 853 ||| SHOPLISTING +0 plate armour (299 gold, have 23).
   853 | D:2      | 853 ||| SHOPLISTING +1 pair of boots of rampaging (214
                  | gold, have 23).
   876 | D:2      | 876 ||| Stepping ~*~*~tactically~*~*~ (stealth).
   889 | D:2      | Found Vuck's Distillery.
   898 | D:2      | 898 ||| SHOPLISTING 2 potions of attraction (60 gold, have
                  | 23).
   898 | D:2      | 898 ||| SHOPLISTING 2 potions of curing (60 gold, have 23).
   898 | D:2      | 898 ||| SHOPLISTING potion of attraction (30 gold, have
                  | 23).
   898 | D:2      | 898 ||| SHOPLISTING potion of heal wounds (50 gold, have
                  | 23).
   898 | D:2      | 898 ||| SHOPLISTING potion of mutation (80 gold, have 23).
  1064 | D:2      | Found Kisox's Distillery.
  1114 | D:2      | 1114 ||| SHOPLISTING 2 potions of might (112 gold, have
                  | 52).
  1114 | D:2      | 1114 ||| BUYING potion of attraction (42 gold).
  1114 | D:2      | Bought a potion of attraction for 42 gold pieces
  1114 | D:2      | 1114 ||| SHOPLISTING potion of curing (42 gold, have 10).
  1114 | D:2      | 1114 ||| SHOPLISTING potion of mutation (112 gold, have
                  | 10).
  1135 | D:2      | Found Ugaipn's Assorted Antiques.
  1156 | D:2      | 1156 ||| SHOPLISTING glowing sapphire potion (13 gold, have
                  | 10).
  1156 | D:2      | 1156 ||| SHOPLISTING scroll of identify (30 gold, have 10).
  1156 | D:2      | 1156 ||| SHOPLISTING scroll of teleportation (45 gold, have
                  | 10).
  1163 | D:2      | Found Haokhler's Antique Armour Emporium.
  1172 | D:2      | 1172 ||| SHOPLISTING runed plate armour (520 gold, have
                  | 10).
  1447 | D:2      | 1447 ||| Stepping ~*~*~tactically~*~*~ (stealth).
  1747 | D:2      | 1747 ||| UPGRADING to +0 chain mail.
  1757 | D:2      | 1757 ||| DROPPING +0 scale mail.
  1758 | D:2      | 1758 ||| UPGRADING to +0 helmet.
  1763 | D:2      | 1763 ||| UPGRADING to +0 plate armour.
  1773 | D:2      | 1773 ||| DROPPING +0 chain mail.
  1774 | D:2      | 1774 ||| DRINKING 2 glowing pink potions.
  1775 | D:2      | 1775 ||| DROPPING potion of enlightenment.
  1826 | D:3      | 1826 ||| PLANNING SEWER
  1832 | D:3      | 1832 ||| Stepping ~*~*~tactically~*~*~ (stealth).
  1903 | D:3      | Reached XP level 4. HP: 27/28 MP: 4/4
  1925 | D:3      | 1925 ||| DROPPING +0 whip.
  1975 | D:3      | Reached skill level 4 in Axes
  2145 | D:3      | Found a runed translucent door.
  2146 | D:3      | Noticed Crazy Yiuf
  2184 | D:3      | 2184 ||| Stepping ~*~*~tactically~*~*~ (hiding).
  2418 | D:3      | Noticed Robin
  2431 | D:3      | Killed Robin
  2491 | D:3      | 2491 ||| RIP SEWER
  2533 | D:3      | 2533 ||| PLANNING D:1-11
  2732 | D:3      | 2732 ||| READING 2 scrolls labelled RUTEIRR YRPHOIL.
  2733 | D:3      | 2733 ||| READING scroll of brand weapon.
  2733 | D:3      | 2733 ||| BRANDING +0 war axe of electrocution.
  2790 | D:4      | Identified the +4 chain mail of Makhleb's Delight {Harm Fly
                  | Str+2}
  2798 | D:4      | Noticed a scorpion
  2809 | D:4      | Killed a scorpion
  2810 | D:4      | Reached skill level 5 in Axes
  2810 | D:4      | Reached XP level 5. HP: 32/32 MP: 5/5
  2856 | D:4      | Found a staircase to the Ecumenical Temple.
  2857 | D:4      | 2857 ||| PLANNING TEMPLE
  2858 | D:4      | 2858 ||| Stepping ~*~*~tactically~*~*~ (stealth).
  2875 | D:4      | 2875 ||| READING scroll labelled DUPEKI FOMI.
  2876 | D:4      | 2876 ||| DRINKING 2 emerald potions.
  2878 | D:4      | Noticed Dowan
  2879 | D:4      | Noticed Duvessa
  2885 | D:4      | Killed Dowan
  2886 | D:4      | Reached XP level 6. HP: 25/39 MP: 6/6
  2888 | D:4      | HP: 9/39 [something (3)]
  2890 | D:4      | Slain by Duvessa

Levels and vault maps discovered:
D:1:      shiori_arrival_elements, layout_basic, dreamdust_mushroom_princess
D:2:      layout_basic, serial_shops, nicolae_lakefront_shop, shop, shop, shop,
          nicolae_shop_statue_plus, feat_on_display
D:3:      layout_loops_ring, gup_sewer_entry_bowl, uniq_robin,
          uniq_crazy_yiuf_cottage
D:4:      layout_loops_corners, amcnicky_altar_gilded,
          minmay_temple_entry_sparse_star, st_stairs_11,
          kennysheep_cluttered_room, item_on_display_a, uniq_duvessa

Skill      XL: |  1  2  3  4  5 |
---------------+----------------+-----
Axes           | 2 3 5 |  5.0
Fighting       | 4 |  4.5
Armour         | |  3.2
Shields        | |  3.2

Action                     |  1- 3 |  4- 6 || total
---------------------------+-------+-------++-------
  Melee: War axe           |   136 |    96 ||   232
    Use: Scroll            |     5 |     3 ||     8
         Potion            |     1 |     1 ||     2
 Armour: Scale mail        |    72 |       ||    72
         Plate armour      |    17 |    58 ||    75
  Dodge: Dodged            |    59 |    21 ||    80
  Block: Buckler           |    29 |    16 ||    45

Table legend:
 A = Non-vault XP
 B = Vault XP
 C = Vault XP percentage of total XP
 D = Non-vault monster count
 E = Vault monster count
 F = Vault count percentage of total count
                 A         B        C        D         E       F
            +---------+---------+-------+---------+---------+-------
      Total |     124 |     239 |  65.8 |      60 |      16 |  21.1
            +---------+---------+-------+---------+---------+-------
        D:1 |      43 |       0 |   0.0 |      25 |       0 |   0.0
        D:2 |      28 |       0 |   0.0 |      13 |       0 |   0.0
        D:3 |      43 |      45 |  51.1 |      17 |      12 |  41.4
        D:4 |      10 |     194 |  95.1 |       5 |       4 |  44.4
            +---------+---------+-------+---------+---------+-------
